 Dungeon Crawl Stone Soup version 0.30-a0-989-g0d87f670db (webtiles) character file.

Game seed: 7869335957018704613

23 AstroCodex24 the Shield-Bearer (level 2, -2/23 HPs)
             Began as a Vampire Fighter on Apr 3, 2023.
             Slain by an iguana (7 damage)
             ... on level 4 of the Dungeon.
             The game lasted 00:02:40 (566 turns).

AstroCodex24 the Shield-Bearer (Vampire Fighter)     Turns: 566, Time: 00:02:40

Health: -2/23      AC:  7    Str: 15    XL:     2   Next: 72%
Magic:  2/2        EV:  8    Int: 10    God:
Gold:   61         SH:  4    Dex: 13    Spells: 1/1 levels left

rFire   . . .      SeeInvis +    a - +0 war axe
rCold   . . .      Faith    .    c - +0 buckler
rNeg    . . .      Spirit   .    b - +0 scale mail
rPois   .          Reflect  .    (no helmet)
rElec   .          Rampage  .    (no cloak)
rCorr   .                        k - +0 pair of gloves
Will    .....                    (no boots) Stlth
                                 (no amulet)
HPRegen 0.43/turn                (no ring)
MPRegen 0.08/turn                (no ring)

@: healing quickly
A: alive, fangs 3, see invisible, vampiric 1
a: Exsanguinate


You were on level 4 of the Dungeon.
You visited 1 branch of the dungeon, and saw 4 of its levels.

You collected 61 gold pieces.

Inventory:

Hand Weapons
 a - a +0 war axe (weapon)
Armour
 b - a +0 scale mail (worn)
 c - a +0 buckler (worn)
 k - a +0 pair of gloves (worn)
Scrolls
 e - a scroll of amnesia {unknown}
 g - a scroll of enchant armour {unknown}
 h - a scroll of vulnerability {unknown}
 j - a scroll of blinking {unknown}
 m - a scroll of fog {unknown}
 n - a scroll of noise {unknown}
Potions
 d - 3 potions of might
 f - a potion of lignification {unknown}
 i - a potion of berserk rage {unknown}
 l - a potion of curing {unknown}


   Skills:
 + Level 2.9 Fighting
 + Level 2.3 Axes
 + Level 2.5 Armour
 + Level 0.1 Dodging
 + Level 3.0 Shields


You had one spell level left.
You didn't know any spells.
Your spell library was empty.

Dungeon Overview and Level Annotations

Branches:
Dungeon (4/15)
 Temple: D:4-7

Altars:


Innate Abilities, Weirdness & Mutations

Your natural rate of healing is accelerated.
You have razor-sharp teeth.
You have supernaturally acute eyesight. (SInv)
You are afflicted with vampirism.


Message History

n - a scroll labelled KUYRIWO JUMP You now have 61 gold pieces (gained 2).
There is an escape hatch in the floor here.
You slide downwards.
The hatch slams shut behind you.
The orc shouts!
The orc wizard shouts!
The orc priest shouts!
The iguana hisses angrily.
Found Great Wizards, Vol.
VII.
Found a stone staircase leading down.
The orc wizard casts a spell.
The orc wizard flickers and vanishes for a moment.
The orc hits you but does no damage.
You hit the iguana but do no damage. You hit the orc but do no damage.
The iguana bites you. The orc hits you with a +0 falchion.
You slash the iguana!
The iguana is moderately wounded.
You hit the orc. You barely miss the orc priest.
The orc priest hits you but does no damage.
The iguana bites you.
You hit the iguana but do no damage.
The iguana is moderately wounded.
You hit the orc wizard but do no damage.
You hit the orc priest.
The orc priest hits you with a +0 dagger.
You block the iguana's attack.
The orc priest hits you but does no damage.
The iguana bites you but does no damage.
You hit the iguana but do no damage. You bite the iguana, but do no damage.
The iguana is moderately wounded.
You closely miss the orc. You barely miss the orc priest.
The iguana barely misses you. You block the orc priest's attack.
The orc hits you but does no damage.
You completely miss the iguana.
The iguana is moderately wounded.
You closely miss the orc. You hit the orc priest.
The orc priest invokes the aid of Beogh against you.
Pain shoots through your body!
* * * LOW HITPOINT WARNING * * *
The orc completely misses you. The iguana barely misses you.
The orc priest hits you but does no damage.
The iguana bites you!
You die...

#........
#........
#........
#........
#........
#########........
#.......#.....#
#......ol@....#
#.......oo.####
#.......o###
#........#
#..>....##
#.......#
#.......#
#....:..#


You could see an iguana, an orc priest, an orc wizard (invisible) and 2 orcs.

Vanquished Creatures
  3 bats
  4 endoplasms
  A giant cockroach (D:1)
  A hobgoblin (D:1)
  A quokka (D:2)
  A ball python (D:1)
  A frilled lizard (D:2)
  2 goblins (D:1)
  2 kobolds
  6 rats
22 creatures vanquished.

Notes
Turn   | Place    | Note
-------+----------+-------------------------------------------
     0 | D:1      | AstroCodex24 the Vampire Fighter began the quest for the
                  | Orb.
     0 | D:1      | Reached XP level 1. HP: 17/17 MP: 1/1
   194 | D:1      | Reached skill level 3 in Shields
   194 | D:1      | Reached XP level 2. HP: 23/23 MP: 2/2
   566 | D:4      | Slain by an iguana

Illustrated notes

Levels and vault maps discovered:
D:1:      onia_arrival_pyramid, layout_loops_cross, skrybe_limestone_x
D:2:      layout_basic
D:3:      layout_basic, shapermc_ecumenical_altar_mp_urbaneastern,
          kennysheep_decorative_pillar
D:4:      layout_rooms, minmay_misc_feat_hallway, minmay_manual_mullet

Skill      XL: |  1  2 |
---------------+-------+-----
Shields        | 3 |  3.0
Axes           | 2 |  2.3
Fighting       | |  2.9
Armour         | |  2.5
Dodging        | |  0.1

Action                     || total
---------------------------++-------
  Melee: War axe           ||    55
         Bite              ||     4
 Armour: Scale mail        ||    49
  Dodge: Dodged            ||    52
  Block: Buckler           ||    24

Table legend: (Time is in decaauts)
 A = Elapsed time spent in this place.
 B = Non-inter-level travel time spent in this place.
 C = Inter-level travel time spent in this place.
 D = Time resting spent in this place.
 E = Time spent auto-exploring this place.
 F = Levels seen in this place.
 G = Mean time per level.
                   A        B        C        D        E       F      G
               +--------+--------+--------+--------+--------+-----+--------+
         Total |    589 |    589 |      0 |      0 |      0 |   4 |  147.2 |
       Dungeon |    589 |    589 |      0 |      0 |      0 |   4 |  147.2 |
               +--------+--------+--------+--------+--------+-----+--------+

Top non-repeatable levels by time:
     D:1: 294 daAuts
     D:2: 167 daAuts
     D:3: 117 daAuts
     D:4: 10 daAuts
